 Dungeon Crawl Stone Soup version 0.17.1-3-g152610e (webtiles) character file.

132 Jerry the Gusty (level 4, 0/33 HPs)
             Began as a Draconian Air Elementalist on Mar 28, 2016.
             Killed by nerve-wracking pain
             ... invoked by Grinder
              (5 damage)
             ... while paralysed by Grinder
             ... on level 3 of the Dungeon.
             The game lasted 00:13:26 (2972 turns).

Jerry the Gusty (Draconian Air Elementalist)        Turns: 2972, Time: 00:13:26

Health: 0/33       AC:  5    Str:  8    XL:     4   Next: 92%
Magic:  2/7        EV:  2    Int: 17    God:
Gold:   140        SH:  0    Dex: 11    Spells: 1 memorised, 6 levels left

rFire  + . .     SeeInvis .     i - staff of wizardry
rCold  . . .     Rnd*Rage +     (armour unavailable)
rNeg   . . .     SustAt   +     (no shield)
rPois  .         Gourm    .     (helmet restricted)
rElec  .         Spirit   .     (no cloak)
rCorr  .         Warding  .     (no gloves)
rMut   .         Stasis   .     (no boots)
MR     .....                    (no amulet)
Stlth  ++........               (no ring)
                                m - ring of sustain attributes

@: paralysed, not resistant to hostile enchantments, unstealthy
A: unfitting armour, stinger 1, berserk 1, deterioration 1, fire resistance 1,
weak 1, cold-blooded, subdued magic 1, AC +5
a: no special abilities


You were on level 3 of the Dungeon.
You were hungry.

You visited 1 branch of the dungeon, and saw 3 of its levels.

You collected 140 gold pieces.

Inventory:

Hand Weapons
 c - a +0 dagger
 h - a +0 dagger of pain
Magical Staves
 i - an uncursed staff of wizardry (weapon)
Jewellery
 m - a ring of sustain attributes (left hand)
Scrolls
 d - a scroll of teleportation
Potions
 e - a potion of haste
 k - a potion of flight
 o - a potion of heal wounds {unknown}
Books
 a - a book of Air

   Spells                             Type                      Level
   a - Shock                          Conjuration/Air              1
   b - Swiftness                      Charms/Air                   2
   c - Repel Missiles                 Charms/Air                   2
   d - Static Discharge               Conjuration/Air              3
   e - Lightning Bolt                 Conjuration/Air              5
Comestibles
 b - 2 bread rations
 f - 2 meat rations
 l - a beef jerky
 n - 5 fruits


   Skills:
 - Level 1.7 Dodging
 - Level 1.7 Stealth
 - Level 2.0 Spellcasting
 - Level 1.0 Conjurations
 + Level 5.7 Air Magic


You had 6 spell levels left.
You knew the following spells:

 Your Spells              Type           Power        Failure   Level  Hunger
a - Shock                 Conj/Air       #...         1%          1    #......


Dungeon Overview and Level Annotations

Branches:
Dungeon (3/15)

Altars:

Annotations:
D:3 Grinder


Innate Abilities, Weirdness & Mutations

Your plain brown scales are hard (AC +5).
Your body does not fit into most forms of armour.
You are cold-blooded and may be slowed by cold attacks.
Your tail ends in a poisonous barb.
You tend to lose your temper in combat.
Your body sometimes deteriorates upon taking damage.
Your flesh is heat resistant.
You are weak. (Str -2)
Your spells are a little easier to cast, but a little less powerful.


Message History

Aim: Grinder (moderately wounded)
The zap misses Grinder. x2
Grinder gestures at you. Pain shoots through your body!
* * * LOW HITPOINT WARNING * * *
Casting: Shock
Confirm with . or Enter, or press ? or * to list all spells.
Aiming: Shock
Press: ? - help, Shift-Dir - straight line, f/p - Grinder
Aim: Grinder (moderately wounded)
The zap misses Grinder. x2
Grinder gestures at you.
You suddenly lose the ability to move!
Grinder hits you.
* * * LOW HITPOINT WARNING * * *
You writhe in agony.
* * * LOW HITPOINT WARNING * * *
Grinder gestures at you. Pain shoots through your body!
You die...

.#...# #............ .#...#
#.........### †#...# #.........#
# .#..... .#....##..## # .#......
.#....##..#### .#.......
..#....##......
.#################..#....########
............#....#
........@5..#....#
............#....#####
###############'#####.....[..#
.............................#
.............................#
.............................#
#############...##############
##..# #..#


You could see Grinder.

Vanquished Creatures
  Ijyb (D:2)
  2 adders (D:2)
  4 gnolls (D:2)
  An ooze (D:2)
  3 giant cockroaches
  8 hobgoblins
  10 kobolds
  2 quokkas (D:2)
  4 bats
  6 giant newts
  7 goblins
  5 rats
53 creatures vanquished.

Notes
Turn   | Place    | Note
--------------------------------------------------------------
     0 | D:1      | Jerry the Draconian Air Elementalist began the quest for the Orb.
     0 | D:1      | Reached XP level 1. HP: 14/14 MP: 3/3
   434 | D:1      | Reached XP level 2. HP: 18/20 MP: 5/5
   883 | D:2      | Reached skill level 4 in Air Magic
  1210 | D:2      | Reached XP level 3. HP: 6/26 MP: 2/6
  1211 | D:2      | Gained mutation: Your body sometimes deteriorates upon taking damage. [potion of mutation]
  1211 | D:2      | Gained mutation: Your spells are a little easier to cast, but a little less powerful. [potion of mutation]
  1211 | D:2      | Gained mutation: Your tail ends in a poisonous barb. [potion of mutation]
  1213 | D:2      | Gained mutation: You tend to lose your temper in combat. [potion of mutation]
  1213 | D:2      | Gained mutation: You are weak. (Str -2) [potion of mutation]
  1213 | D:2      | Gained mutation: Your flesh is heat resistant. [potion of mutation]
  1437 | D:2      | Reached XP level 4. HP: 10/33 MP: 0/7
  1445 | D:2      | Reached skill level 5 in Air Magic
  2267 | D:2      | Noticed Ijyb
  2328 | D:2      | Killed Ijyb
  2830 | D:3      | Noticed Grinder
  2970 | D:3      | Paralysed by Grinder for 4 turns
  2972 | D:3      | Killed from afar by Grinder

Action                   |  1- 3 |  4- 6 || total
-------------------------+-------+-------++-------
Melee: Dagger            |    73 |    11 ||    84
 Cast: Shock             |    32 |    60 ||    92
  Use: Potion            |     3 |       ||     3
       Scroll            |       |     7 ||     7
 Stab: Sleeping          |     1 |     1 ||     2
  Eat: Chunk             |     2 |     6 ||     8
